 Dungeon Crawl Stone Soup version 0.29-a0-319-gad05b8d819 (webtiles) character file.

Game seed: 3988688682380163740

8439 kae the Arsonist (level 11, -11/64 HPs)
             Began as a Tengu Fire Elementalist on Apr 1, 2022.
             Was a Believer of Vehumet.
             Mangled by a harpy simulacrum (15 damage)
             ... on level 11 of the Dungeon.
             The game lasted 00:10:59 (13520 turns).

kae the Arsonist (Tengu Fire Elementalist)         Turns: 13520, Time: 00:10:59

Health: -11/64     AC:  5    Str:  9    XL:     11   Next: 30%
Magic:  18/20      EV: 19    Int: 25    God:    Vehumet [**....]
Gold:   543        SH:  4    Dex: 21    Spells: 4/21 levels left

rFire   . . .      SeeInvis .   o - staff of conjuration
rCold   . . .      Faith    .   C - +0 buckler
rNeg    . . .      Spirit   .   a - +1 robe
rPois   .          Reflect  .   (helmet restricted)
rElec   .          Harm     .   (no cloak)
rCorr   .          Rampage  .   y - +1 pair of gloves
Will    .....                   (boots unavailable)
Stlth   ++........              u - amulet of regeneration
HPRegen 1.00/turn               n - +6 ring of dexterity
MPRegen 0.17/turn               q - +6 ring of intelligence

@: flying quickly and evasively, quick
A: beak, talons 3, nimble flight
a: Renounce Religion


You were on level 11 of the Dungeon.
You worshipped Vehumet.
Vehumet was pleased with you.
You visited 2 branches of the dungeon, and saw 12 of its levels.
You also visited: Bailey.

You collected 543 gold pieces.

Inventory:

Hand Weapons
 h - a +1 halberd
Armour
 a - a +1 robe (worn)
 y - a +1 pair of gloves (worn)
 C - a +0 buckler (worn)
Magical Staves
 o - a staff of conjuration (weapon)
Jewellery
 n - a +6 ring of dexterity (left hand)
 q - a +6 ring of intelligence (right hand)
 u - an amulet of regeneration (around neck)
 v - a ring of protection from fire
Wands
 m - a wand of digging (9)
 w - a wand of polymorph (3)
Scrolls
 c - 4 scrolls of vulnerability
 j - a scroll of enchant armour
 s - 3 scrolls of teleportation
 t - 2 scrolls of blinking
 x - a scroll of enchant weapon
 z - a scroll of summoning
Potions
 b - 4 potions of magic
 d - 2 potions of flight
 e - 3 potions of might
 f - 5 potions of curing
 g - 3 potions of resistance
 i - 2 potions of attraction
 k - 4 potions of haste
 l - 4 potions of brilliance
 p - 2 potions of mutation
 r - 3 potions of heal wounds
 A - 2 potions of cancellation
 B - a potion of ambrosia


   Skills:
 + Level 6.0 Fighting
 + Level 6.6 Armour
 + Level 6.9 Dodging
 - Level 2.0 Stealth
 + Level 0.5 Shields
 + Level 5.9 Spellcasting
 + Level 8.0 Conjurations
 * Level 10.2 Fire Magic
 + Level 5.7 Evocations


You had 4 spell levels left.
You knew the following spells:

 Your Spells              Type           Power      Damage    Failure   Level
a - Foxfire               Conj/Fire      100%       2x1d9     1%          1
b - Scorch                Fire           100%       2d10      1%          2
c - Conjure Flame         Conj/Fire      68%        6-21      1%          3
d - Inner Flame           Hex/Fire       33%        N/A       3%          3
e - Flame Wave            Conj/Fire      68%        2d13      2%          4
f - Sticky Flame          Conj/Fire      68%        2d8       2%          4

Your spell library contained the following spells:

 Spells                   Type           Power      Damage    Failure   Level
 Magic Dart               Conj           100%       1d8       1%          1
 Static Discharge         Conj/Air       41%        N/A       3%          2
 Ignite Poison            Fire/Tmut/Pois 24%        N/A       8%          3
 Animate Skeleton         Necr           14%        N/A       11%         1
 Pain                     Necr           28%        1d5       11%         1
 Gell's Gravitas          Tloc           7%         N/A       30%         3
 Teleport Other           Tloc           7%         N/A       30%         3
 Vampiric Draining        Necr           7%         2d6       30%         3
 Dispel Undead            Necr           7%         3d8       71%         4
 Summon Lightning Spire   Summ/Air       7%         N/A       71%         4
 Dispersal                Tloc           3%         N/A       100%        6
 Storm Form               Tmut/Air       3%         N/A       100%        7
 Maxwell's Capacitive Co  Air            3%         ∞         100%        8


Dungeon Overview and Level Annotations

Branches:
Dungeon (11/15)            Temple (1/1) D:7             Orc (0/2) D:10
 Bailey (visited)
   Lair: D:8-11

Altars:
Ashenzari
Cheibriados
Dithmenos
Elyvilon
Fedhas
Gozag
Hepliaklqana
Kikubaaqudgha
Makhleb
Nemelex Xobeh
Okawaru
Qazlal
Ru
Sif Muna
Trog
Uskayaw
Vehumet
Wu Jian
Xom
Yredelemnul
Zin
The Shining One

Shops:
D:1 (

Annotations:
D:3 Grinder
D:5 Sigmund


Innate Abilities, Weirdness & Mutations

You have a beak for a mouth.
You have claws for feet.
Your magical nature lets you fly swiftly and evasively.


Message History

You start waiting.
A water moccasin comes into view.
What are your orders? t - Shout!
Orders for allies: a - Attack new target. r - Retreat! s - Stop attacking. g - Guard the area. f - Follow me.
Anything else - Cancel.
Okay, then.
The water moccasin hisses angrily.
Casting: Scorch (safe; 1% risk of failure)
Confirm with . or Enter, or press ? or * to list all spells.
You feel a surge of power!
You conjure some foxfire!
A harpy simulacrum comes into view.
The foxfire hits the water moccasin.
The water moccasin is lightly wounded.
The foxfire hits the water moccasin!
The water moccasin is moderately wounded.
There is a stone staircase leading up here.
Casting: Foxfire (safe; 1% risk of failure)
Confirm with . or Enter, or press ? or * to list all spells.
Flames lash the water moccasin.
The water moccasin is severely wounded.
The water moccasin's fire resistance burns away.
The water moccasin closely misses you. The harpy simulacrum barely misses you.
The harpy simulacrum closely misses you.
The water moccasin bites you. The harpy simulacrum claws you!
The harpy simulacrum freezes you!! The harpy simulacrum claws you.
The harpy simulacrum freezes you!
* * * LOW HITPOINT WARNING * * *
The water moccasin barely misses you.
The harpy simulacrum completely misses you.
You block the harpy simulacrum's attack.
Okay, then.
The harpy simulacrum misses you. The harpy simulacrum barely misses you.
You block the water moccasin's attack. The harpy simulacrum claws you!
* * * LOW HITPOINT WARNING * * *
The harpy simulacrum freezes you!
You die...

.#.## .
###.#..#..
##.........
##............#
#..............
#......>.......
#..............
#..Z...........
#.@S...........
##............#
##.......>...#
########..####.#
#... #..#
#...####..#####.
#...............
#...###.#..####.
#.......##.#


You could see a water moccasin (combustible) and a harpy simulacrum.

Vanquished Creatures
  Gastronok (D:10)
  2 two-headed ogres
  An unseen horror (D:10)
  Maggie (D:10)
  A hornet (D:7)
  2 wyverns (D:8)
  4 yaks (D:11)
  4 vampire mosquitoes
  Menkaure (D:5)
  6 orc warriors
  4 water moccasins
  3 ice beasts
  2 black bears
  3 centaurs
  An ogre (D:7)
  A phantom (D:5)
  Blork the orc (D:5)
  5 kobold brigands
  2 scorpions
  A necrophage (D:7)
  7 wights
  3 electric eels (D:10)
  A hound (D:5)
  4 jellies
  A gnoll shaman (D:6)
  4 orc priests
  6 iguanas
  11 orc wizards
  3 adders
  19 gnolls
  2 shadow imps (D:6)
  2 white imps
  2 ufetubi (D:4)
  3 worms
  3 dart slugs
  38 orcs
  4 ball pythons
  6 bats
  7 endoplasms
  A giant cockroach (D:3)
  3 goblins
  11 hobgoblins
  6 jackals
  25 kobolds
  4 quokkas
  3 frilled lizards (D:2)
  3 rats
228 creatures vanquished.

Vanquished Creatures (others)
  615 foxfires
  34 fungi (D:11)
  69 plants
718 creatures vanquished.

Grand Total: 946 creatures vanquished

Notes
Turn   | Place    | Note
-------+----------+-------------------------------------------
     0 | D:1      | kae the Tengu Fire Elementalist began the quest for the
                  | Orb.
     0 | D:1      | Reached XP level 1. HP: 10/10 MP: 4/4
   169 | D:1      | Found Laopluc's Antique Weapon Emporium.
   320 | D:1      | Reached XP level 2. HP: 15/15 MP: 0/6
   985 | D:2      | Learned a level 2 spell: Scorch
  1028 | D:2      | Reached XP level 3. HP: 20/20 MP: 3/7
  1351 | D:2      | Reached skill level 1 in Fighting
  1412 | D:2      | Reached skill level 4 in Fire Magic
  1453 | D:2      | Reached skill level 1 in Armour
  1686 | D:2      | Reached XP level 4. HP: 25/25 MP: 5/8
  1785 | D:2      | You fall into a shaft and drop 1 floor!
  1785 | D:3      | Found a basalt altar of Yredelemnul.
  2322 | D:2      | Found a faded altar of an unknown god.
  2485 | D:3      | Noticed Grinder
  2976 | D:3      | Learned a level 3 spell: Conjure Flame
  3218 | D:3      | Gained mutation: Your magical nature lets you fly swiftly
                  | and evasively. [Tengu growth]
  3218 | D:3      | Reached XP level 5. HP: 26/29 MP: 4/9
  4222 | D:4      | Found an opulent altar of Gozag.
  4255 | D:5      | Entered Level 5 of the Dungeon
  4311 | D:5      | Noticed Blork the orc
  4320 | D:5      | Killed Blork the orc
  4409 | D:5      | Reached skill level 1 in Evocations
  4409 | D:5      | Reached XP level 6. HP: 35/35 MP: 7/11
  4419 | D:5      | Noticed Menkaure
  4514 | D:5      | Killed Menkaure
  4515 | D:5      | Reached skill level 5 in Fire Magic
  4670 | D:5      | Reached XP level 7. HP: 40/40 MP: 5/12
  4882 | D:5      | Found a shadowy altar of Dithmenos.
  4972 | D:5      | Noticed Sigmund
  5395 | D:5      | Reached skill level 6 in Fire Magic
  5395 | D:5      | Reached XP level 8. HP: 45/45 MP: 4/14
  6436 | D:6      | Found a shimmering altar of Xom.
  6596 | D:6      | Reached skill level 5 in Conjurations
  6915 | D:6      | Reached skill level 7 in Fire Magic
  6934 | D:6      | Reached XP level 9. HP: 41/52 MP: 3/16
  7343 | D:7      | Found a hide-covered altar of Uskayaw.
  7418 | D:7      | Reached skill level 5 in Dodging
  7564 | D:7      | Noticed a hornet
  7647 | D:7      | Found a glowing silver altar of Zin.
  7815 | D:7      | Found a staircase to the Ecumenical Temple.
  7870 | Temple   | Entered the Ecumenical Temple
  7988 | Temple   | Became a worshipper of Vehumet
  8095 | D:7      | Killed a hornet
  8527 | D:8      | Reached skill level 8 in Fire Magic
  8847 | D:8      | Noticed a two-headed ogre
  9236 | D:8      | Killed a two-headed ogre
  9237 | D:8      | Reached skill level 5 in Armour
  9237 | D:8      | Reached XP level 10. HP: 58/58 MP: 6/18
  9389 | D:9      | Reached skill level 5 in Spellcasting
  9868 | D:9      | Reached * piety under Vehumet
  9868 | D:9      | Offered knowledge of Freeze by Vehumet.
  9873 | D:9      | Reached skill level 5 in Fighting
  9963 | D:9      | Noticed a two-headed ogre
  9992 | D:9      | Killed a two-headed ogre
  9993 | D:9      | Reached skill level 9 in Fire Magic
 10329 | D:9      | Found a snail-covered altar of Cheibriados.
 10366 | D:9      | Learned a level 3 spell: Inner Flame
 10371 | D:9      | Learned a level 4 spell: Flame Wave
 10376 | D:9      | Learned a level 4 spell: Sticky Flame
 10400 | D:10     | Entered Level 10 of the Dungeon
 10475 | D:10     | Found an iron altar of Okawaru.
 10580 | D:10     | Found a hazy altar of Hepliaklqana.
 10629 | D:10     | Killed an unseen horror
 10716 | D:10     | Noticed Maggie
 10795 | D:10     | Noticed Gastronok
 10826 | D:10     | Killed Gastronok
 10827 | D:10     | Reached skill level 5 in Evocations
 10882 | D:10     | Found a flagged portal.
 10907 | Bailey   | Entered a bailey
 11350 | Bailey   | Offered knowledge of Magic Dart by Vehumet.
 11481 | Bailey   | Reached ** piety under Vehumet
 11681 | D:10     | Reached XP level 11. HP: 64/64 MP: 11/20
 11993 | D:10     | Killed Maggie
 12275 | D:10     | Reached skill level 10 in Fire Magic
 13064 | D:10     | Found a staircase to the Orcish Mines.
 13520 | D:11     | Mangled by a harpy simulacrum

Illustrated notes

Levels and vault maps discovered:
D:1:      wheals_arrival_shading, layout_basic, serial_shops,
          nicolae_square_shop, serial_bayou_pond_a
D:2:      layout_rooms, dreamdust_ecumenical_altar_angels_and_demons
D:3:      layout_basic, yredelemnul_altar_generic, item_on_display_a,
          uniq_grinder
D:4:      layout_loops_corners, overflow_temple_1_default, grunt_ministairs_8,
          st_stairs_1
D:5:      layout_loops_ring, mainiacjoe_overflow_alcove_2, serial_bayou_pond_e,
          uniq_sigmund, uniq_menkaure, uniq_blork_the_orc
D:6:      layout_basic, old_standard_altar
D:7:      layout_rooms, zin_academy, nicolae_uskayaw_dance_hall, temple_green
D:8:      layout_basic
D:9:      layout_rooms, cheibriados_altar_1
D:10:     layout_loops_corners, nicolae_hepliaklqana_hazy_memory,
          mainiacjoe_overflow_boulevard, erik_orc_2, enter_bailey_4,
          uniq_gastronok, uniq_maggie
D:11:     layout_rooms, due_lair_maze_entry_diamond, hangedman_incinerator,
          uniq_sonja
Temple:   dshaligram_water_room_temple

Skill      XL: |  1  2  3  4  5  6  7  8  9 10 11 |
---------------+----------------------------------+-----
Fighting       | 1 2 3 4 5 6 |  6.0
Conjurations   | 2 3 4 5 6 7 8 |  8.0
Fire Magic     | 4 5 6 7 8 9 10 | 10.2
Armour         | 1 2 3 4 5 6 |  6.6
Dodging        | 3 4 5 6 |  6.9
Evocations     | 1 2 3 4 5 |  5.7
Spellcasting   | 3 4 5 |  5.9
Stealth        | |  2.0
Shields        | |  0.5

Action                   |  1- 3 |  4- 6 |  7- 9 | 10-12 || total
-------------------------+-------+-------+-------+-------++-------
Melee: Unarmed           |    19 |       |       |       ||    19
       Peck              |     5 |     4 |     8 |     4 ||    21
       Kick              |     3 |     3 |    19 |     5 ||    30
       Staff             |       |    13 |    45 |    32 ||    90
       Halberd           |       |     4 |       |       ||     4
 Cast: Foxfire           |    53 |    75 |   102 |   148 ||   378
       Scorch            |     1 |    21 |    81 |   131 ||   234
       Conjure Flame     |       |     1 |     9 |     8 ||    18
  Use: Scroll            |       |    13 |     5 |     9 ||    27
       Potion            |       |     1 |       |     8 ||     9
 Stab: Sleeping          |       |     2 |       |       ||     2
Armor: Robe              |     3 |     4 |    17 |    16 ||    40
       Skin              |       |       |       |    55 ||    55
Dodge: Dodged            |    20 |    25 |    82 |   126 ||   253
Block: Buckler           |       |       |       |    32 ||    32

Table legend: (Time is in decaauts)
 A = Elapsed time spent in this place.
 B = Non-inter-level travel time spent in this place.
 C = Inter-level travel time spent in this place.
 D = Time resting spent in this place.
 E = Time spent auto-exploring this place.
 F = Levels seen in this place.
 G = Mean time per level.
                   A        B        C        D        E       F      G
               +--------+--------+--------+--------+--------+-----+--------+
         Total |  13030 |  12676 |    354 |   1988 |   8351 |  13 | 1002.3 |
       Dungeon |  12200 |  11891 |    309 |   1939 |   7768 |  11 | 1109.1 |
        Temple |    120 |     76 |     44 |      0 |     66 |   1 |  120.0 |
        Bailey |    710 |    710 |      0 |     49 |    517 |   1 |  710.0 |
               +--------+--------+--------+--------+--------+-----+--------+

Top non-repeatable levels by time:
    D:10: 2044 daAuts
     D:6: 1386 daAuts
     D:5: 1344 daAuts
     D:4: 1314 daAuts
     D:8: 1289 daAuts
     D:1: 1278 daAuts
     D:3: 896 daAuts
     D:7: 831 daAuts
     D:9: 814 daAuts
     D:2: 767 daAuts
  Bailey: 710 daAuts
    D:11: 231 daAuts
  Temple: 120 daAuts
